 Dungeon Crawl Stone Soup version 0.20.0-15-g7f486f2 (webtiles) character file.

477 TheBoneZone the Shield-Bearer (level 6, -5/52 HPs)
             Began as a Demigod Fighter on June 13, 2017.
             Slain by Menkaure (14 damage)
             ... on level 4 of the Dungeon.
             The game lasted 00:26:24 (3506 turns).

TheBoneZone the Shield-Bearer (Demigod Fighter)     Turns: 3506, Time: 00:26:25

Health: -5/52      AC:  8    Str: 19    XL:     6   Next: 54%
Magic:  8/8        EV: 10    Int: 12    God:
Gold:   171        SH:  0    Dex: 19    Spells: 5/5 levels left

rFire    . . .     SeeInvis .   l - +1 scythe
rCold    + . .     Gourm    .   (shield currently unavailable)
rNeg     . . .     Faith    +   a - +0 scale mail
rPois    +         Spirit   .   e - +0 helmet
rElec    .         Reflect  .   (no cloak)
rCorr    .         Harm     .   (no gloves)
MR       .....                  (no boots)
Stlth    ..........             f - amulet of faith
Regen    0.2/turn               k - ring of poison resistance
MPRegen  0.2/turn               j - ring of protection from cold

@: no status effects
A: high mp 1
a: no special abilities


You were on level 4 of the Dungeon.
You were not hungry.

You visited 1 branch of the dungeon, and saw 4 of its levels.

You collected 171 gold pieces.

Inventory:

Hand Weapons
 l - a +1 scythe (weapon)
Armour
 a - a +0 scale mail (worn)
 b - a +0 shield
 e - a +0 helmet (worn)
 m - a +0 shield
Jewellery
 c - a +6 ring of dexterity {unknown}
 f - an amulet of faith (around neck)
 g - an uncursed ring of flight
 i - an uncursed ring of positive energy
 j - a ring of protection from cold (right hand)
 k - a ring of poison resistance (left hand)
Scrolls
 h - a scroll of amnesia {unknown}
 o - a scroll of immolation {unknown}
Potions
 n - a potion of flight
 p - a potion of magic {unknown}
Comestibles
 d - 2 bread rations


   Skills:
 + Level 3.9 Fighting
 + Level 1.7 Polearms
 + Level 4.0 Armour
 + Level 0.5 Dodging
 + Level 0.2 Stealth
 - Level 4.0 Shields
 + Level 3.6 Unarmed Combat


You had 5 spell levels left.
You didn't know any spells.

Dungeon Overview and Level Annotations

Branches:
Dungeon (4/15)
 Temple: D:4-7

Annotations:
D:4 Menkaure


Innate Abilities, Weirdness & Mutations

You have an increased reservoir of magic. (+10% MP)


Message History

Pain shoots through your body!
You completely miss Menkaure. Menkaure closely misses you.
Menkaure gestures wildly while chanting.
Menkaure seems to speed up.
You slash Menkaure!
Menkaure is severely damaged.
Menkaure hits you but does no damage. x2
Your scale mail prevents you from hitting Menkaure.
Menkaure is severely damaged.
Menkaure calls on the powers of darkness!
Your body is wracked with pain!
* * * LOW HITPOINT WARNING * * *
Menkaure closely misses you.
Menkaure points at you and mumbles some strange words.
Pain shoots through your body!
* * * LOW HITPOINT WARNING * * *
You hit Menkaure.
Menkaure is almost destroyed.
Menkaure misses you. Menkaure hits you!
You die...

..##.# #).#...# #.
#...†# #..##..# #.
...#.# #)###..# #.
.#.#.#####.# #..# #.
#..........# #..# #M
.#.#..#.##.# #..# #.##
##.......#.# #..# #..#
........<..###..####.#
.........##.....@M...#
.#.#........##..####.#
#...##.#.#####..####.#.
##.###.#.# #.........
#.......# #.#####.#.
#####.### ##.........#
#.######.....##.. .
#.....†.........# ##
########.....####


You could see Menkaure.

Vanquished Creatures
  Sigmund (D:2)
  Jessica (D:2)
  An iguana (D:3)
  Robin (D:2)
  12 gnolls
  5 adders
  2 oozes (D:1)
  2 dart slugs
  4 worms
  A leopard gecko (D:2)
  2 orcs (D:3)
  6 giant cockroaches
  16 goblins
  9 hobgoblins
  4 jackals (D:1)
  6 kobolds
  9 bats
  2 frilled lizards
  10 rats
94 creatures vanquished.

Vanquished Creatures (others)
  A plant (D:2)
1 creature vanquished.

Grand Total: 95 creatures vanquished

Notes
Turn   | Place    | Note
-------+----------+-------------------------------------------
     0 | D:1      | TheBoneZone the Demigod Fighter began the quest for the Orb.
     0 | D:1      | Reached XP level 1. HP: 18/18 MP: 3/3
   177 | D:1      | Reached XP level 2. HP: 22/25 MP: 4/4
   562 | D:1      | Reached XP level 3. HP: 26/30 MP: 5/5
   895 | D:2      | Noticed Jessica
   914 | D:2      | Killed Jessica
  1137 | D:2      | Reached XP level 4. HP: 25/38 MP: 6/6
  1620 | D:2      | Noticed Sigmund
  1621 | D:2      | Noticed Robin
  1697 | D:2      | Killed Sigmund
  1697 | D:2      | Reached XP level 5. HP: 36/45 MP: 7/7
  1807 | D:2      | Killed Robin
  2373 | D:3      | Reached XP level 6. HP: 52/52 MP: 8/8
  2816 | D:3      | Found a hazy altar of Hepliaklqana.
  2832 | D:3      | Reached skill level 1 in Polearms
  3490 | D:4      | Noticed Menkaure
  3506 | D:4      | Slain by Menkaure

Skill      XL: |  1  2  3  4  5  6 |
---------------+-------------------+-----
Shields        | 3 4 |  4.0
Unarmed Combat | 2 3 |  3.6
Fighting       | 3 |  3.9
Armour         | 3 4 |  4.0
Polearms       | 1 |  1.7
Dodging        | |  0.5
Stealth        | |  0.2

Action                   |  1- 3 |  4- 6 || total
-------------------------+-------+-------++-------
Melee: Unarmed           |   189 |    83 ||   272
       Scythe            |       |   153 ||   153
  Use: Potion            |     2 |     5 ||     7
       Scroll            |     1 |     6 ||     7
  Eat: Royal jelly       |     1 |       ||     1
       Meat ration       |       |     1 ||     1
       Bread ration      |       |     1 ||     1
Armor: Scale mail        |    66 |   148 ||   214
Dodge: Dodged            |    48 |   173 ||   221
Block: Shield            |    82 |    49 ||   131
